Map: Galactic Process LE

Players

Tay

  • Race: Terran Terran

Tenonee - Winner!

  • Race: Terran Terran

VOD

Have the link to the VOD?

Description

Time

  • Played on: July 17, 2016, 4:45 a.m.
  • Length: 21:34
Show
View Real Time Build Order
Export as new Build Order

Tay Terran 

Build Orders: Reaper Expand, MMM Bio 

Get SALT Encoding   

  12  0:01  SCV  
  13  0:13  SCV  
  14  0:21  Supply Depot  
  14  0:25  SCV  
  15  0:39  Refinery  
  15  0:44  SCV  
  15  0:46  Barracks  
  16  0:56  SCV  
  17  1:08  SCV  
  18  1:20  SCV  
  19  1:34  Orbital Command  
  19  1:35  Supply Depot  
  19  1:38  Reaper  
  20  1:58  Command Center  
  20  2:07  SCV  
  21  2:10  Reaper  
  22  2:16  Barracks  
  22  2:20  SCV  
  23  2:33  Refinery  
  23  2:36  SCV  
  24  2:39  Supply Depot  
  24  3:02  Reaper  
  25  3:05  Reaper  
  25  3:08  Barracks  
  25  3:09  SCV  
  27  3:13  Orbital Command  
  27  3:15  Factory  
  27  3:21  SCV  
  28  3:33  SCV  
  29  3:40  Reaper  
  30  3:42  Orbital Command  
  30  3:54  Command Center  
  30  3:56  SCV  
  31  4:09  SCV  
  31  4:21  SCV x2  
  33  4:26  Marine x2  
  35  4:33  SCV x2  
  37  4:45  SCV  
  38  4:46  Marine x2  
  38  4:48  SCV  
  41  4:55  Barracks Tech Lab  
  41  4:56  Starport  
  41  4:57  Factory Reactor, SCV  
  42  5:00  SCV  
  43  5:09  SCV  
  43  5:12  SCV  
  43  5:21  SCV  
  43  5:24  SCV  
  43  5:33  SCV  
  44  5:36  SCV  
  44  5:40  Orbital Command  
  45  5:44  Barracks Reactor x2  
  45  5:45  SCV  
  45  5:48  Stimpack, SCV  
  47  5:56  Engineering Bay  
  47  5:57  SCV  
  47  5:58  Engineering Bay  
  47  6:00  SCV  
  49  6:05  Supply Depot, Medivac x2  
  49  6:10  SCV  
  54  6:12  SCV  
  55  6:19  SCV  
  55  6:22  SCV  
  55  6:24  SCV  
  58  6:27  Refinery  
  58  6:28  Marine x4  
  58  6:30  Factory Tech Lab  
  58  6:31  SCV  
  61  6:35  Terran Infantry Weapons Level 1  
  61  6:36  Terran Infantry Armor Level 1  
  61  6:38  Barracks  
  61  6:44  Marine, Barracks  
  61  6:45  Medivac x2  
  66  6:48  Marine  
  66  6:49  Marine x3  
  66  6:50  Siege Tank  
  67  7:03  Marine  
  56  7:14  Marine x3  
  56  7:15  Marine  
  59  7:21  Marauder  
  61  7:32  Marine  
  61  7:33  Barracks Tech Lab, Supply Depot x2, Marine, Siege Tank, Medivac  
  68  7:47  Command Center  
  68  7:49  Combat Shields, Marine x3  
  68  7:50  Marine  
  72  7:54  Marine  
  72  7:55  Marine x2  
  75  8:02  SCV  
  75  8:03  SCV  
  77  8:08  Command Center  
  77  8:09  Medivac  
  79  8:14  SCV  
  80  8:20  Marine x3  
  80  8:21  Marine x3  
  80  8:22  Marine  
  80  8:24  SCV  
  80  8:27  SCV  
  89  8:30  Armory  
  89  8:38  Marine  
  70  8:55  Marine  
  70  8:56  Marine x5  
  47  9:53  Orbital Command  
  23  11:02  SCV  
  24  11:14  SCV  
  24  11:15  Barracks  
  25  11:20  Marine x2  
  27  11:26  SCV  
  28  11:37  Marine  
  28  11:38  Marine, SCV  
  29  11:51  SCV  
  30  11:55  Marine x2  
  32  12:03  SCV  
  31  12:13  Marine x2  
  31  12:15  SCV  
  34  12:27  SCV  
  35  12:31  Marine x2  
  37  12:38  Barracks  
  37  12:39  SCV  
  38  12:49  Marine x2  
  40  12:51  SCV  
  37  13:02  Starport  
  37  13:03  SCV  
  38  13:07  Marine x2  
  40  13:15  SCV  
  41  13:24  Marine  
  42  13:27  SCV  
  42  13:29  Command Center  
  43  13:39  SCV  
  43  13:52  SCV  
  39  13:56  Marine x3  
  41  14:14  Marine  
  41  14:16  Medivac  
  44  14:17  Barracks Reactor  
  44  14:18  Command Center  
  44  14:23  Refinery  
  44  14:24  SCV, Refinery  
  45  14:25  Marine  
  46  14:35  Marine  
  47  14:40  Marine, SCV  
  49  14:46  Medivac  
  49  14:47  Orbital Command  
  49  14:52  SCV  
  50  15:32  SCV x3  
  53  15:38  Marine  
  54  15:44  SCV x2  
  56  15:55  Factory Tech Lab  
  56  15:56  Marine  
  57  16:13  Marine  
  57  16:14  Medivac  
  52  16:31  Marine  
  52  16:32  Marine  
  54  16:38  Orbital Command  
  54  16:42  Siege Tank  
  57  16:49  Marine  
  57  16:50  Marine  
  57  16:53  Terran Infantry Weapons Level 2  
  59  17:07  Marine x2  
  61  17:17  SCV x2  
  61  17:18  SCV  
  54  17:25  Marine x2  
  54  17:28  Orbital Command  
  54  17:29  SCV  
  57  17:42  Marine  
  58  17:49  SCV  
  58  17:50  Starport Tech Lab  
  59  17:52  SCV  
  60  18:00  Marine x2  
  60  18:01  SCV  
  60  18:04  SCV  
  64  18:08  Widow Mine  
  66  18:13  Banshee, Cloaking Field  
  66  18:14  SCV  
  66  18:16  SCV  
  71  18:32  Marine x2  
  75  18:34  Terran Infantry Armor Level 2  
  53  18:50  Marine x2  
  53  18:53  SCV x2  
  55  19:07  Marine  
  55  19:08  Marine  
  57  19:25  Marine x2  
  57  19:27  Banshee  
  60  19:46  Marine x2  
  61  20:04  Barracks, Marine  
  61  20:06  Barracks  
  54  20:56  Marine  
  43  21:14  Command Center  
Show
View Real Time Build Order
Export as new Build Order

Tenonee Terran - Winner!

Build Orders: MMM Bio 

Get SALT Encoding   

  12  0:02  SCV  
  13  0:15  SCV  
  13  0:18  Supply Depot  
  14  0:27  SCV  
  15  0:39  SCV  
  15  0:42  Barracks  
  16  0:51  SCV  
  17  1:04  SCV  
  18  1:16  SCV  
  19  1:20  Command Center  
  19  1:28  SCV  
  20  1:34  Marine  
  20  1:36  Supply Depot  
  21  1:44  Orbital Command  
  21  1:52  Marine  
  22  2:03  Barracks  
  22  2:20  SCV  
  22  2:21  Marine  
  24  2:24  Refinery  
  24  2:26  Refinery  
  24  2:32  SCV  
  25  2:38  Orbital Command  
  25  2:39  Marine  
  26  2:46  SCV  
  27  2:57  Marine  
  27  2:58  SCV  
  28  3:06  Barracks Tech Lab  
  28  3:08  SCV  
  28  3:10  SCV  
  30  3:18  Marine  
  31  3:20  SCV  
  29  3:28  Marine  
  29  3:31  Stimpack  
  28  3:45  Marine x2  
  28  3:46  Bunker  
  30  3:51  Barracks, Factory  
  30  3:52  Barracks  
  30  3:53  SCV x2  
  32  4:05  SCV x2  
  32  4:07  Engineering Bay  
  32  4:08  Engineering Bay  
  33  4:17  SCV  
  32  4:35  Marine  
  31  4:39  Widow Mine  
  32  4:55  Marine x4  
  33  5:13  Marine x4  
  34  5:26  Terran Infantry Weapons Level 1  
  34  5:27  Terran Infantry Armor Level 1  
  34  5:30  SCV  
  34  5:31  Marine x4  
  39  5:45  Factory Tech Lab  
  39  5:48  Marine  
  42  5:53  Starport  
  42  5:54  SCV  
  43  5:59  SCV  
  43  6:03  Marine  
  45  6:05  Barracks Reactor  
  45  6:06  Barracks Tech Lab, Marine  
  45  6:07  Combat Shields  
  44  6:16  SCV x2  
  46  6:20  Supply Depot  
  46  6:22  Supply Depot  
  46  6:28  SCV  
  46  6:36  Starport Reactor  
  46  6:39  Supply Depot  
  46  6:41  Marine x3  
  46  6:42  Siege Tank, SCV  
  53  6:49  Armory  
  52  6:59  Marine x2  
  52  7:00  Marine x3  
  57  7:17  Marine x3  
  57  7:18  Marine x2  
  62  7:25  Medivac, Siege Tank  
  62  7:27  SCV  
  68  7:35  Marine x2  
  70  7:46  Barracks Reactor  
  70  7:54  Supply Depot  
  70  7:56  Supply Depot  
  70  8:17  SCV x2  
  72  8:20  Supply Depot  
  72  8:23  Terran Infantry Weapons Level 2  
  72  8:24  Command Center  
  72  8:28  Marine x3  
  72  8:29  SCV x2  
  77  8:41  SCV  
  77  8:58  Medivac, Siege Tank  
  73  9:36  Marine  
  57  10:46  Orbital Command  
  32  10:53  Marine  
  27  11:15  Marine  
  28  11:31  Barracks  
  28  11:32  Barracks  
  28  11:33  Marine, SCV  
  28  11:35  Orbital Command  
  30  11:47  SCV  
  30  11:51  Marine  
  32  12:03  Supply Depot  
  32  12:05  Supply Depot, SCV  
  32  12:06  SCV  
  34  12:09  Marine  
  35  12:18  Supply Depot, SCV  
  36  12:25  Marine x2  
  36  12:26  Marine  
  39  12:33  Refinery  
  39  12:35  Refinery  
  39  12:42  Marine x2  
  39  12:43  SCV x2  
  43  12:44  Marine  
  44  12:55  SCV  
  45  13:00  Marine  
  42  13:17  Marine x2  
  44  13:25  Marine  
  45  13:33  SCV x2  
  47  13:35  Marine  
  48  13:43  Marine  
  45  13:54  Marine  
  41  14:00  Marine, SCV x2  
  43  14:06  Barracks  
  43  14:11  Barracks, Marine  
  43  14:12  SCV x2  
  43  14:13  Factory  
  46  14:24  SCV x2  
  48  14:36  Marine x2  
  50  14:54  Marine x2  
  50  14:55  Barracks Reactor  
  50  14:59  Factory Tech Lab  
  52  15:00  Barracks Reactor  
  52  15:04  Starport, SCV x2  
  54  15:30  Supply Depot  
  54  15:31  Supply Depot  
  54  15:33  Supply Depot  
  54  15:49  Supply Depot x2  
  54  15:52  Starport Reactor, Marine x6, SCV x2  
  57  16:04  SCV x2  
  57  16:10  Marine x3, Siege Tank  
  64  16:20  Marine  
  64  16:25  Liberator  
  64  16:36  Marine  
  64  16:37  Marine  
  66  16:40  SCV x2  
  66  16:42  Medivac  
  73  16:47  Supply Depot  
  73  16:51  Siege Tank  
  73  16:52  Marine x2, SCV  
  79  16:54  Marine x2  
  81  17:10  Marine x2  
  81  17:12  Marine  
  81  17:13  Marine x2  
  81  17:14  Marine  
  86  17:27  Medivac, Siege Tank, Marine  
  86  17:28  Marine  
  93  17:30  Marine  
  93  17:31  Marine  
  93  17:35  Barracks Reactor  
  93  17:36  Barracks Tech Lab  
  95  17:45  Marine  
  95  17:49  Command Center, Marine x2  
  95  17:50  Supply Depot x2  
  98  17:56  Marine x2  
  100  18:03  Marine  
  101  18:07  Marine  
  101  18:11  Marine  
  103  18:14  Marine  
  104  18:20  Supply Depot, Medivac, Siege Tank  
  104  18:21  Supply Depot  
  106  18:46  Marine x3  
  109  18:49  Marine x2  
  111  18:58  Marine  
  111  18:59  Marine  
  113  19:03  Marine  
  113  19:08  Marine x2  
  115  19:22  Marine x4  
  108  19:29  Engineering Bay  
  108  19:31  Engineering Bay  
  108  19:34  SCV x2  
  110  19:43  Command Center, Marine x2  
  112  19:46  SCV  
  112  19:47  Marine x2  
  115  19:53  Marine x3  
  115  19:55  Siege Tank  
  115  19:56  Medivac  
  123  20:01  Marine x2  
  123  20:05  Marine  
  123  20:06  Marine  
  127  20:09  Viking  
  127  20:10  Marine  
  127  20:11  Marine x2  
  132  20:14  SCV x2  
  132  20:18  Marine  
  135  20:24  Marine  
  135  20:25  Marine x2  
  135  20:26  SCV  
  139  20:28  Marine x2  
  139  20:30  Marine  
  140  20:46  Marine x3  
  143  20:56  Marine x4  
  147  20:57  Siege Tank  
  147  21:00  Orbital Command  
  147  21:04  Marine x3  
  153  21:13  Marine  
  153  21:14  Marine  
  153  21:15  Marine x2  
Tags
 
Add a new tag
Caveats
  • Supply blocks, unpowered buildings, or Contaminate may cause inaccurate times.
  • Supply counts are checked every 10 seconds.